AoeStats
← 1695

Arabia

508741018Analyzed
3v3 RM · 10d ago on Sep 23, 2026· 66m 29s· 6 players
Game mode
Random Map
Map size
Normal (6 player)
Population
200
Speed
Normal
Resources
Standard
Victory
Conquest
Starting age
Dark Age
Ending age
Imperial Age
RankedLock teamsTeams togetherTeam positionsShared explorationLock speedFull tech treeHidden civsTurbo modeCheats
Victory
Defeat
🇦🇷 Inca · Argentina
765
+14
🇦🇷 Maya · Argentina
757
+15
🇦🇷 Franks · Argentina
733
+15
🇦🇷 Magyars · Argentina
739
-15
🇧🇷 Portuguese · Brazil
736
-33
🇵🇪 Franks · Peru
713
-14
Bruno Faquini
16:16 Feudal Age
16:52 Double-Bit Axe
16:51 Horse Collar
17:53 Wheelbarrow
26:01 Castle Age
25:31 Loom
25:32 Town Watch
26:18 Gold Mining
26:19 Stone Mining
26:48 Heavy Plow
27:01 Bow Saw
26:55 Caravan
27:26 Coinage
30:11 Hand Cart
31:03 Arson
31:04 Gambesons
30:40 Man-at-Arms
30:40 Pikeman
50:27 Fishing Lines
52:15 Gillnets
Mauro Aurelio
3:21 Loom
11:19 Feudal Age
11:58 Double-Bit Axe
11:55 Horse Collar
19:21 Bloodlines
26:17 Castle Age
24:31 Scale Barding Armor
24:17 Fletching
24:28 Padded Archer Armor
27:26 Bodkin Arrow
28:42 Thumb Ring
30:54 Town Watch
31:47 Masonry
32:44 Corvinian Army
40:11 Imperial Age
39:58 Murder Holes
42:21 Hoardings
46:10 Chain Barding Armor
47:29 Plate Barding Armor
47:09 Leather Archer Armor
47:01 Heavy Plow
47:14 Bow Saw
47:45 Wheelbarrow
48:23 Chemistry
47:44 Ballistics
47:05 Treadmill Crane
48:37 Ballistics
51:13 Bracer
leonedu
12:08 Feudal Age
10:25 Loom
16:08 Castle Age
15:21 Double-Bit Axe
19:03 Fletching
21:22 Scale Barding Armor
23:07 Wheelbarrow
24:08 Chain Barding Armor
25:56 Forging
26:50 Hand Cart
26:39 Pikeman
29:50 Scale Mail Armor
30:27 Iron Casting
31:55 Chain Mail Armor
38:16 Imperial Age
38:27 Imperial Age
40:40 Plate Barding Armor
41:37 Conscription
42:27 Town Watch
58:39 Caravan
58:47 Stone Mining
58:49 Gold Mining
65:09 Husbandry
JOTAEME
13:31 Feudal Age
19:39 Castle Age
22:02 Wheelbarrow
34:05 Pikeman
37:59 Imperial Age
44:49 Halberdier
46:13 Husbandry
45:34 Cavalier
46:31 Forging
46:22 Scale Mail Armor
46:36 Scale Barding Armor
51:26 Chain Barding Armor
51:42 Iron Casting
51:08 Scale Mail Armor
Horacio Rodriguez Larreta
11:08 Loom
15:28 Feudal Age
17:01 Wheelbarrow
16:12 Town Watch
18:13 Double-Bit Axe
20:38 Castle Age
19:48 Horse Collar
20:02 Gold Mining
21:04 Scale Mail Armor
21:15 Forging
22:07 Squires
23:57 Chain Mail Armor
24:07 Eagle Warrior
25:14 Pikeman
27:18 Stone Mining
30:53 Iron Casting
38:37 Imperial Age
37:14 Murder Holes
41:17 Halberdier
45:10 Blast Furnace
44:49 Conscription
48:14 Chemistry
52:21 Elite Eagle Warrior
58:07 Arson
62:48 Spies/Treason
1695
13:45 Feudal Age
14:06 Horse Collar
14:15 Double-Bit Axe
19:01 Castle Age
17:15 Stone Mining
18:10 Gold Mining
18:54 Forging
18:44 Scale Mail Armor
23:28 Squires
23:42 Town Watch
24:27 Elite Skirmisher
26:14 Pikeman
27:56 Heavy Plow
29:56 Wheelbarrow
35:51 Imperial Age
34:10 Bow Saw
34:31 Champi Runner
35:40 Hand Cart
37:05 Iron Casting
40:57 Crop Rotation
40:53 Champi Warrior
42:37 Chain Mail Armor
44:45 Conscription
45:15 Halberdier
45:16 Elite Champi Warrior
46:14 Fletching
47:42 Gold Shaft Mining
47:11 Padded Archer Armor
51:20 Blast Furnace
51:46 Conscription
53:12 Andean Sling
54:42 Plate Mail Armor
66:15 Spies/Treason
Connection lost

Rejoining the realm…

Still unreachable

The connection could not be restored.

Session expired

The server has moved on; the page needs a fresh start.